 Dungeon Crawl Stone Soup version 0.29.1-15-g9cfb28693d (webtiles) character file.

Game seed: 11112023508231967358

58 Mysteryquy the Cudgeller (level 4, -2/41 HPs)
             Began as a Gnoll Chaos Knight on May 2, 2023.
             Was a Plaything of Xom.
             Slain by a gnoll
             ... wielding a +0 halberd
             ... summoned by Xom
              (10 damage)
             ... on level 2 of the Dungeon.
             The game lasted 00:01:49 (2041 turns).

Mysteryquy the Cudgeller (Gnoll Chaos Knight)       Turns: 2041, Time: 00:01:50

Health: -2/41      AC:  5    Str: 11    XL:     4   Next: 2%
Magic:  5/5        EV: 12    Int: 11    God:    Xom [.*....]
Gold:   60         SH:  0    Dex: 14    Spells: 5/5 levels left

rFire   . . .      SeeInvis .   f - +0 whip
rCold   . . .      Faith    .   (no shield)
rNeg    . . .      Spirit   .   b - +2 leather armour
rPois   .          Reflect  .   (no helmet)
rElec   .          Harm     .   (no cloak)
rCorr   .          Rampage  .   (no gloves)
Will    .....                   (no boots)
Stlth   +.........              (no amulet)
HPRegen 0.13/turn               (no ring)
MPRegen 0.09/turn               (no ring)

@: no status effects
A: fangs 1, strong nose, distributed training
a: Renounce Religion


You were on level 2 of the Dungeon.
You worshipped Xom.
You were a plaything of Xom.
You visited 1 branch of the dungeon, and saw 2 of its levels.

You collected 60 gold pieces.

Inventory:

Hand Weapons
 a - a +0 mace of chaos
 f - a +0 whip (weapon)
Missiles
 i - 5 poisoned darts
Armour
 b - a +2 leather armour (worn)
Jewellery
 g - a ring of wizardry
Scrolls
 d - a scroll of blinking {unknown}
 j - a scroll of fog {unknown}
 k - a scroll of summoning {unknown}
 l - a scroll of amnesia {unknown}
Potions
 e - a potion of berserk rage {unknown}
 h - a potion of attraction {unknown}
Miscellaneous
 c - a piece from Xom's chessboard (15/15) (quivered)


   Skills:
 + Level 6.6 Fighting
 + Level 1.0 Short Blades
 + Level 1.0 Long Blades
 + Level 1.0 Axes
 + Level 6.6 Maces & Flails
 + Level 1.0 Polearms
 + Level 1.0 Staves
 + Level 1.0 Ranged Weapons
 + Level 1.0 Throwing
 + Level 4.6 Armour
 + Level 2.7 Dodging
 + Level 1.0 Stealth
 + Level 1.0 Shields
 + Level 1.0 Unarmed Combat
 + Level 1.0 Spellcasting
 + Level 0.8 Conjurations
 + Level 0.8 Hexes
 + Level 0.8 Summonings
 + Level 0.8 Necromancy
 + Level 0.8 Translocations
 + Level 0.8 Transmutations
 + Level 0.8 Fire Magic
 + Level 0.8 Ice Magic
 + Level 0.8 Air Magic
 + Level 0.8 Earth Magic
 + Level 0.8 Poison Magic
 + Level 1.1 Invocations
 + Level 1.0 Evocations


You had 5 spell levels left.
You didn't know any spells.
Your spell library contained the following spells:

 Spells                   Type           Power      Damage    Failure   Level
 Ensorcelled Hibernation  Hex/Ice        4%         N/A       41%         2
 Spider Form              Tmut/Pois      2%         N/A       65%         3
 Anguish                  Hex/Necr       1%         N/A       96%         4


Dungeon Overview and Level Annotations

Branches:
Dungeon (2/15)

Altars:

Shops:
D:2 [


Innate Abilities, Weirdness & Mutations

You have very sharp teeth.
Your uncanny sense of smell can sniff out nearby items.
Your experience applies equally to all skills.


Message History

The bat barely misses you. The bat hits you but does no damage.
The gnoll hits you with a +0 spear. The gnoll barely misses you.
You barely miss the bat. Your bite misses the bat.
The bat is severely wounded.
The bat hits you but does no damage.
You barely miss the bat. Your punch misses the bat.
The bat is severely wounded.
The bat closely misses you. The gnoll misses you.
The gnoll hits you from afar with a +0 halberd!
The bat barely misses you.
You barely miss the goblin. The goblin hits you but does no damage.
The gnoll closely misses you. The bat hits you. The gnoll barely misses you.
You hit the goblin.
The goblin is moderately wounded.
The bat hits you but does no damage. The bat barely misses you.
The gnoll hits you with a +0 spear. The goblin barely misses you.
The gnoll closely misses you.
You hit the goblin.
You kill the goblin!
The goblin's corpse disappears in a puff of smoke!
The bat completely misses you. The gnoll hits you with a +0 spear.
The gnoll hits you from afar with a +0 halberd!
* * * LOW HITPOINT WARNING * * *
You miss the bat.
The bat is severely wounded.
The bat hits you but does no damage. x2
You closely miss the bat.
The bat is severely wounded.
The bat hits you but does no damage. The bat closely misses you.
The gnoll closely misses you. The gnoll barely misses you.
You hit the bat.
You kill the bat!
The bat's corpse disappears in a puff of smoke!
Xom's power almost touches on you for a moment.
Your eyebrows briefly feel incredibly bushy.
The gnoll hits you with a +0 spear.
* * * LOW HITPOINT WARNING * * *
The gnoll hits you from afar with a +0 halberd!
You die... "What!?
That's it?" # # # ###. ### .... .># ###. #####.## #gg

... #g# #.# # #@###.## ∆ ##
#.§....# .# #####..# .#
##########..# .#
#...........# .####
#...........###### ....#
#.................
###.################.######
#..............# #.#


You could see 3 gnolls.

Vanquished Creatures
  3 adders (D:2)
  2 ball pythons (D:2)
  5 bats
  5 endoplasms (D:1)
  2 quokkas
  3 frilled lizards
  3 goblins (D:2)
  A kobold (D:1)
  9 rats
33 creatures vanquished.

Notes
Turn   | Place    | Note
-------+----------+-------------------------------------------
     0 | D:1      | Mysteryquy the Gnoll Chaos Knight began the quest for the
                  | Orb.
     0 | D:1      | Reached XP level 1. HP: 23/23 MP: 1/1
    53 | D:1      | XOM: silly message
   266 | D:1      | Found a faded altar of an unknown god.
   360 | D:1      | Reached XP level 2. HP: 29/29 MP: 2/2
  1248 | D:2      | Found Unta Bie's Armour Shop.
  1514 | D:2      | Reached XP level 3. HP: 35/35 MP: 3/3
  1556 | D:2      | Reached skill level 1 in Invocations
  1789 | D:2      | Reached skill level 1 in Short Blades
  1789 | D:2      | Reached skill level 1 in Long Blades
  1789 | D:2      | Reached skill level 1 in Axes
  1789 | D:2      | Reached skill level 1 in Polearms
  1789 | D:2      | Reached skill level 1 in Staves
  1789 | D:2      | Reached skill level 1 in Ranged Weapons
  1789 | D:2      | Reached skill level 1 in Throwing
  1789 | D:2      | Reached skill level 1 in Stealth
  1789 | D:2      | Reached skill level 1 in Shields
  1789 | D:2      | Reached skill level 1 in Unarmed Combat
  1789 | D:2      | Reached skill level 1 in Spellcasting
  1789 | D:2      | Reached skill level 1 in Evocations
  1858 | D:2      | XOM: summons 1 hostile shadow creature
  1924 | D:2      | Reached XP level 4. HP: 28/41 MP: 5/5
  2029 | D:2      | XOM: summons 3 hostile shadow creatures
  2041 | D:2      | XOM: silly message
  2041 | D:2      | Slain by a gnoll

Illustrated notes

Levels and vault maps discovered:
D:1:      reono_arrival_mine, layout_loops_corners,
          shapermc_ecumenical_altar_notcrosses
D:2:      layout_basic, serial_shops, nicolae_shop_window_shopping

Skill      XL: |  1  2  3 |
---------------+----------+-----
Invocations    | 1 |  1.1
Short Blades   | 1 |  1.0
Long Blades    | 1 |  1.0
Axes           | 1 |  1.0
Polearms       | 1 |  1.0
Staves         | 1 |  1.0
Ranged Weapons | 1 |  1.0
Throwing       | 1 |  1.0
Stealth        | 1 |  1.0
Shields        | 1 |  1.0
Unarmed Combat | 1 |  1.0
Spellcasting   | 1 |  1.0
Evocations     | 1 |  1.0
Fighting       | |  6.6
Maces & Flails | |  6.6
Armour         | |  4.6
Dodging        | |  2.7
Conjurations   | |  0.8
Hexes          | |  0.8
Summonings     | |  0.8
Necromancy     | |  0.8
Translocations | |  0.8
Transmutations | |  0.8
Fire Magic     | |  0.8
Ice Magic      | |  0.8
Air Magic      | |  0.8
Earth Magic    | |  0.8
Poison Magic   | |  0.8

Action                   |  1- 3 |  4- 6 || total
-------------------------+-------+-------++-------
Melee: Mace              |    65 |       ||    65
       Bite              |     9 |       ||     9
       Whip              |    52 |    12 ||    64
 Stab: Sleeping          |     1 |       ||     1
Armor: Leather armour    |    40 |     7 ||    47
Dodge: Dodged            |    80 |    21 ||   101
